 Dungeon Crawl Stone Soup version bcrawl-1.19.2-6-g6a88ae04c9 (webtiles) character file.

Game seed: 17159831200472084067

92 Mrkan the Shield-Bearer (level 4, 0/35 HPs)
             Began as a Human Fighter on Jan 7, 2020.
             Succumbed to a worker ant's poison
             ... on level 3 of the Dungeon.
             The game lasted 00:04:10 (2068 turns).

Mrkan the Shield-Bearer (Human Fighter)             Turns: 2068, Time: 00:04:10

Health: 0/35       AC:  9    Str: 17    XL:     4   Next: 90%
Magic:  4/4        EV:  4    Int:  9    God:
Gold:   126        SH:  9    Dex: 12    Spells: 3/3 levels left

rFire    . . .     SeeInvis .   a - +0 war axe
rCold    . . .     Gourm    .   c - +0 shield
rNeg     . . .     Faith    .   l - +0 chain mail
rPois    .         Spirit   .   (no helmet)
rElec    .         Reflect  .   (no cloak)
rCorr    .         Harm     .   (no gloves)
MR       .....                  (no boots)
Stlth    ..........             (no amulet)
HPRegen  0.11/turn              (no ring)
MPRegen  0.09/turn              (no ring)

@: lethally poisoned (0 -> -9), berserk cooldown, slowed, very slow
A: no striking features
a: no special abilities


You were on level 3 of the Dungeon.
You were not hungry.

You visited 1 branch of the dungeon, and saw 3 of its levels.

You collected 126 gold pieces.

Inventory:

Hand Weapons
 a - a +0 war axe (weapon)
Armour
 c - a +0 shield (worn)
 l - a +0 chain mail (worn)
Jewellery
 e - an uncursed amulet of rage {unknown}
 n - an uncursed ring of resist corrosion {unknown}
 p - an uncursed amulet of the acrobat {unknown}
 q - an uncursed ring of stealth {unknown}
Scrolls
 b - a scroll of teleportation {unknown}
 g - 5 scrolls of identify {unknown}
 k - 4 scrolls of remove curse {unknown}
 m - a scroll of amnesia {unknown}
 o - a scroll of fear {unknown}
Potions
 d - a potion of might
 h - a potion of curing {unknown}
 i - a potion of agility {unknown}
 r - a potion of berserk rage
Comestibles
 f - 2 rations {!d}
 j - 2 chunks of flesh


   Skills:
 + Level 3.5 Fighting
 * Level 3.6 Axes
 + Level 3.9 Armour
 + Level 3.9 Shields


You had 3 spell levels left.
You didn't know any spells.
Your spell library was empty.

Dungeon Overview and Level Annotations

Branches:
Dungeon (3/12)

Altars:
Sif Muna


Message History

You feel sick.
There is a lethal amount of poison in your body!
There is a lethal amount of poison in your body!
There is a lethal amount of poison in your body!
There is a lethal amount of poison in your body!
You feel a strong urge to attack something.
* * * LOW HITPOINT WARNING * * *
You feel sick.
You feel your anger nearly subside.
* * * LOW HITPOINT WARNING * * *
You feel sick.
You are no longer berserk.
You are exhausted.
You feel yourself slow down.
* * * LOW HITPOINT WARNING * * *
You feel sick.
* * * LOW HITPOINT WARNING * * *
You feel sick.
A leopard gecko comes into view.
You die...

.. #.# ####.##### #.#
#......<.# #.###
#.##.###.####.#.. #######
#..........#
#.....#....####......
#..#@.#..## ##...## #..#..#.
##.## #..#..# #.# ##.##.##
#.# #..#..# ##'## #..#[.#
##...## ###).#..# ##.....#
#....#..l ##.......
...#.#.##############........


You could see a leopard gecko (sleeping).

Vanquished Creatures
  A worker ant (D:3)
  An adder zombie (D:2)
  3 worms
  2 dart slugs (D:2)
  3 leopard geckos
  6 orcs
  2 ball pythons
  3 bats
  3 goblins (D:1)
  3 hobgoblins
  3 jackals (D:1)
  4 frilled lizards
  A jackal zombie (D:2)
  5 kobolds
  2 quokka skeletons (D:2)
  A quokka zombie (D:2)
  2 rats (D:2)
45 creatures vanquished.

Notes
Turn   | Place    | Note
-------+----------+-------------------------------------------
     0 | D:1      | Mrkan the Human Fighter began the quest for the Orb.
     0 | D:1      | Reached XP level 1. HP: 18/18 MP: 1/1
   125 | D:1      | Reached XP level 2. HP: 14/24 MP: 2/2
   701 | D:1      | Reached XP level 3. HP: 27/29 MP: 3/3
  1464 | D:2      | Reached XP level 4. HP: 26/35 MP: 4/4
  1739 | D:2      | Found a shimmering blue altar of Sif Muna.
  2067 | D:3      | HP: 1/35 [poisoned by a worker ant]
  2068 | D:3      | Succumbed to a worker ant's poison

Skill      XL: |  1  2  3 |
---------------+----------+-----
Axes           | 3 |  3.6
Fighting       | |  3.5
Armour         | |  3.9
Shields        | |  3.9

Action                   |  1- 3 |  4- 6 || total
-------------------------+-------+-------++-------
Melee: War axe           |   113 |    56 ||   169
  Use: Potion            |       |     1 ||     1
  Eat: Chunk             |     2 |     2 ||     4
Armor: Scale mail        |    59 |       ||    59
       Chain mail        |    16 |    23 ||    39
Dodge: Dodged            |    48 |     8 ||    56
Block: Shield            |    70 |    30 ||   100
